 Dungeon Crawl Stone Soup version 0.31-a0-441-g867994ef1c (webtiles) character file.

Game seed: 2542374897242598995

60 lolo23jhon the Covered (level 3, 0/33 HPs)
             Began as a Minotaur Fighter on Aug 3, 2023.
             Slain by a cerulean imp
             ... wielding a +2 spear
             ... summoned by Natasha
              (3 damage)
             ... on level 2 of the Dungeon.
             The game lasted 00:09:08 (1377 turns).

lolo23jhon the Covered (Minotaur Fighter)           Turns: 1377, Time: 00:09:09

Health: 0/33       AC:  7    Str: 20 (22) XL:     3   Next: 82%
Magic:  2/2        EV:  9    Int:  4 (5)  God:
Gold:   62         SH:  4    Dex:  7 (9)  Spells: 2/2 levels left

rFire   . . .        a - +0 long sword
rCold   . . .        c - +0 buckler
rNeg    . . .        b - +0 scale mail
rPois   .            (helmet restricted)
rElec   .            (no cloak)
rCorr   .            (no gloves)
SInv    .            (no boots)
Will    .....        (no amulet) Stlth
                     (no ring)
HPRegen 0.25/turn    (no ring)
MPRegen 0.08/turn

%: no passive effects
@: no status effects
A: horns 2, retaliatory headbutt
a: no special abilities


You were on level 2 of the Dungeon.
You visited 1 branch of the dungeon, and saw 2 of its levels.

You collected 62 gold pieces.

Inventory:

Hand Weapons
 a - a +0 long sword (weapon)
Armour
 b - a +0 scale mail (worn)
 c - a +0 buckler (worn)
 j - a +0 robe
 l - a +0 helmet
Magical Staves
 i - a staff of air
Scrolls
 h - a scroll of teleportation {unknown}
 n - a scroll of vulnerability {unknown}
Potions
 d - 2 potions of might
 f - a potion of attraction {unknown}
 g - 2 potions of cancellation {unknown}
 k - a potion of lignification {unknown}
 m - a potion of curing {unknown}


   Skills:
 + Level 4.0 Fighting
 + Level 3.2 Long Blades
 + Level 4.4 Armour
 + Level 0.4 Dodging
 + Level 0.5 Stealth
 + Level 4.1 Shields


You had 2 spell levels left.
You didn't know any spells.
Your spell library contained the following spells:

 Spells                   Type           Power      Damage    Failure   Level
 Shock                    Conj/Air       0%         1d3       88%         1
 Gell's Gravitas          Tloc           0%         N/A       99%         3
 Swiftness                Air            0%         N/A       99%         3
 Teleport Other           Tloc           0%         N/A       99%         3
 Airstrike                Air            0%         2d(0-16)  100%        4
 Dispersal                Tloc           0%         N/A       100%        6


Dungeon Overview and Level Annotations

Branches:
Dungeon (2/15)

Altars:

Shops:
D:1 (

Annotations:
D:2 Natasha


Innate Abilities, Weirdness & Mutations

You have a pair of horns on your head.
You reflexively headbutt those who attack you in melee.


Message History

The cerulean imp hits you from afar with a +0 spear.
Found a stone staircase leading down.
Natasha attacks as you move away! Natasha claws you but does no damage.
Found a scroll labelled HIOQARRUSEA.
Natasha stares at you and mumbles some strange words.
The magic dart hits you.
The cerulean imp hits you but does no damage.
Natasha growls.
Natasha mumbles some strange words.
You open the door.
The cerulean imp hits you but does no damage.
There is an open door here.
Natasha mumbles some strange words.
Natasha glows brightly for a moment.
Natasha attacks as you move away! Natasha misses you.
The cerulean imp disappears in a puff of smoke!
Natasha barely misses you.
The cerulean imp disappears in a puff of smoke!
You hit Natasha.
Natasha is moderately wounded.
Natasha claws you. The cerulean imp closely misses you.
You hit Natasha. Your headbutt misses Natasha.
Natasha is moderately wounded.
Natasha claws you but does no damage.
The cerulean imp hits you but does no damage.
You block Natasha's attack.
Natasha mumbles some strange words.
The cerulean imp hits you but does no damage.
Natasha stares at you and mumbles some strange words.
The magic dart hits you.
* * * LOW HITPOINT WARNING * * *
The cerulean imp hits you from afar with a +2 spear.
* * * LOW HITPOINT WARNING * * *
You block the cerulean imp's attack.
It was a potion of degeneration.
There was something very wrong with that liquid.
You feel weakened.
You feel dopey.
You feel clumsy.
The cerulean imp hits you from afar with a +2 spear.
You die...

####...######'#####.#
####...###.5..#####.#
...........##.......#
........##.##########
...........#########
...................#
....<..............#
...................#
.............h5.@..#
....###.......5....#
..5.##.........#####
....##.........#
.....'.........#
.....#.........#
.>...#.........#
.....#.........#
.....#.........#


You could see Natasha and 2 cerulean imps.

Vanquished Creatures
  Robin (D:2)
  An adder (D:2)
  A worm (D:2)
  4 ball pythons
  3 endoplasms
  14 goblins
  2 hobgoblins (D:2)
  4 bats
  2 frilled lizards (D:2)
  2 kobolds
  2 rats (D:1)
36 creatures vanquished.

Notes
Turn   | Place    | Note
-------+----------+-------------------------------------------
     0 | D:1      | lolo23jhon the Minotaur Fighter began the quest for the
                  | Orb.
     0 | D:1      | Reached XP level 1. HP: 19/19 MP: 0/0
   453 | D:1      | Reached XP level 2. HP: 26/27 MP: 1/1
   476 | D:1      | Found Ytha's Antique Weapon Shoppe.
  1026 | D:2      | Noticed Robin
  1085 | D:2      | Killed Robin
  1086 | D:2      | Reached XP level 3. HP: 23/33 MP: 2/2
  1339 | D:2      | Noticed Natasha
  1377 | D:2      | Slain by a cerulean imp

Illustrated notes

Levels and vault maps discovered:
D:1:      shiori_arrival_elements, layout_basic, serial_shops, shop
D:2:      layout_basic, minmay_pentomino_p2, uniq_natasha, uniq_robin

Skill      XL: |  1  2 |
---------------+-------+-----
Armour         | 4 |  4.4
Shields        | 4 |  4.1
Fighting       | 4 |  4.0
Long Blades    | 3 |  3.2
Dodging        | |  0.4
Stealth        | |  0.5

Action                     || total
---------------------------++-------
  Melee: Long sword        ||    83
         Headbutt          ||     8
    Use: Potion            ||     1
 Armour: Scale mail        ||    61
  Dodge: Dodged            ||    58
  Block: Buckler           ||    28

Table legend: (Time is in decaauts)
 A = Elapsed time spent in this place.
 B = Non-inter-level travel time spent in this place.
 C = Inter-level travel time spent in this place.
 D = Time resting spent in this place.
 E = Time spent auto-exploring this place.
 F = Levels seen in this place.
 G = Mean time per level.
                   A        B        C        D        E       F      G
               +--------+--------+--------+--------+--------+-----+--------+
         Total |   1399 |   1315 |     84 |      0 |    833 |   2 |  699.5 |
       Dungeon |   1399 |   1315 |     84 |      0 |    833 |   2 |  699.5 |
               +--------+--------+--------+--------+--------+-----+--------+

Top non-repeatable levels by time:
     D:1: 1010 daAuts
     D:2: 389 daAuts
